Cogmind - Beta 9.6 @@@ ROGUE MODE // 2020.08.20 @ 01:06:12 Player: Plexion Result: Destroyed by as-87822 with Assembled Focal Cannon Performance ------------- Evolutions (4) 2000 Regions Visited (14) 2800 Robots Destroyed (75) 375 Value Destroyed (1940) 1940 Prototype IDs (242) 4840 Alien Tech Used (1) 200 Bonus (5386) 5386 TOTAL SCORE: 17541 Bonus ------- Aligned with FarCom 300 Met Data Miner 300 Used Data Conduit 3000 Met Imprinter 300 Destroyed Z-Imprinter 1000 Pursued by Intercept 500 Friendly Fire -14 Cogmind --------- Core Integrity 0/850 Matter 42/300 Energy 38/100 System Corruption 0% Temperature Cool (12) Movement Hovering (200) Ox2 Location -6/Deep Caves Parts ------- > --- POWER (1) -------- (None) > --- PROPULSION (4) --- Zionite Glidesys I > --- UTILITY (8) ------ Large Storage Unit High-capacity Storage Unit Advanced Signal Interpreter Hacking Suite Makeshift Hacking Suite Makeshift System Shield > --- WEAPON (2) ------- YOLO Cannon > --- INVENTORY (18) --- Zionite Light DM Reactor Long-range Sensor Array Long-range Sensor Array Experimental Terrain Scan Processor Hacking Suite Hacking Suite Makeshift Hacking Suite Advanced System Shield Gauss Rifle Shock Bomb Launcher Improved Proton Missile Launcher Missile Launcher Makeshift Axe Makeshift Sword Peak State ------------ > --- POWER ------------ Light Fission Core > --- PROPULSION ------- Flying Fortress v7 > --- UTILITY ---------- Large Storage Unit High-capacity Storage Unit Long-range Sensor Array Advanced Signal Interpreter Hacking Suite Hacking Suite Hacking Suite Makeshift System Shield > --- WEAPON ----------- YOLO Cannon > --- INVENTORY -------- Light Deuterium Engine Long-range Sensor Array Experimental Terrain Scan Processor Nanoactuators Layered Light Armor Plating Hacking Suite Hacking Suite Makeshift Hacking Suite Advanced System Shield Dimensional Node Initializer Gauss Rifle Shock Bomb Launcher Improved Proton Missile Launcher Missile Launcher Katana Makeshift Axe Makeshift Sword [Rating: 87] Favorites ----------- Power Deuterium Engine Engine Deuterium Engine Power Core Light Fission Core Reactor Zionite Light DM Reactor Propulsion Light Treads Treads Light Treads Leg Zionite Composite Leg I Hover Unit Hover Unit Flight Unit Flying Fortress v7 Utility High-capacity Storage Unit Device Long-range Sensor Array Storage High-capacity Storage Unit Processor Advanced Signal Interpreter Hackware Hacking Suite Protection Zionite Weapon Casing Weapon Heavy Assault Rifle Energy Gun Small Laser Energy Cannon YOLO Cannon Ballistic Gun Heavy Assault Rifle Launcher Shock Bomb Launcher Impact Weapon Heavy Flail Slashing Weapon Greatsword Piercing Weapon Makeshift Spear Build | -11 -10 -10 -10 -9 -8 -7 -7 -7 -6 -6 -6 -6 -6 -6 ------- Run | Scr Mat Min Exi Min Mat Fac Low Dat Pro Fac Low Low Zio Dee Slots Evolved 8 | . . . . . 4 2 . . . 2 . . . . Power . | . . . . . . . . . . . . . . . Propulsion 2 | . . . . . 2 . . . . . . . . . Utility 6 | . . . . . 2 2 . . . 2 . . . . Weapon . | . . . . . . . . . . . . . . . Parts Attached 108 | 6 13 2 . . 27 14 . 1 6 4 . . 13 22 Power 9 | 1 2 1 . . 1 1 . . 1 . . . 1 1 Engine 7 | 1 2 1 . . 1 1 . . . . . . 1 . Core 1 | . . . . . . . . . 1 . . . . . Reactor 1 | . . . . . . . . . . . . . . 1 Propulsion 17 | 2 1 . . . 9 1 . . . . . . . 4 Treads 12 | 2 1 . . . 9 . . . . . . . . . Leg 1 | . . . . . . . . . . . . . . 1 Wheel . | . . . . . . . . . . . . . . . Hover 3 | . . . . . . . . . . . . . . 3 Flight 1 | . . . . . . 1 . . . . . . . . Utility 33 | 1 6 1 . . 6 8 . 1 1 3 . . 2 4 Device 5 | . . . . . 1 3 . . 1 . . . . . Storage 11 | 1 6 1 . . 1 . . . . 1 . . . 1 Processor 1 | . . . . . . 1 . . . . . . . . Hackware 7 | . . . . . . 3 . . . 2 . . 1 1 Protection 9 | . . . . . 4 1 . 1 . . . . 1 2 Artifact . | . . . . . . . . . . . . . . . Weapon 49 | 2 4 . . . 11 4 . . 4 1 . . 10 13 Energy Gun 6 | 2 3 . . . 1 . . . . . . . . . Energy Cannon 7 | . . . . . . . . . 2 . . . 1 4 Ballistic Gun 10 | . 1 . . . 8 . . . 1 . . . . . Ballistic Cannon . | . . . . . . . . . . . . . . . Launcher 10 | . . . . . 1 1 . . 1 . . . 3 4 Special Weapon . | . . . . . . . . . . . . . . . Impact Weapon 3 | . . . . . 1 1 . . . . . . 1 . Slashing Weapon 12 | . . . . . . 2 . . . 1 . . 4 5 Piercing Weapon 1 | . . . . . . . . . . . . . 1 . Special Melee Weapon . | . . . . . . . . . . . . . . . Unidentified Prototypes 5 | . . . . . . . . . . . . . 1 4 Parts Lost 27 | . 7 . . . 6 1 . 2 . . . . 2 9 Power 6 | . 2 . . . . 1 . . . . . . 1 2 Propulsion 8 | . 1 . . . 3 . . . . . . . . 4 Utility 4 | . . . . . . . . 1 . . . . . 3 Weapon 9 | . 4 . . . 3 . . 1 . . . . 1 . Highest Loss Streak 3 | . 2 . . . 3 1 . 2 . . . . 2 3 Average Slot Usage (%) 79 | . 86 100 100 100 92 68 69 65 70 79 80 80 77 65 Engine 6 | . 8 14 14 14 9 7 7 7 5 . . . . . Treads 11 | . 21 28 28 28 30 . . . . . . . . . Flight 2 | . . . . . . 6 7 7 7 6 6 6 6 1 Device 4 | . . . . . 8 6 7 4 6 6 6 6 4 . Storage 15 | . 27 28 28 28 18 7 7 7 7 7 13 13 13 12 Processor 3 | . . . . . . 6 7 7 7 6 6 6 6 6 Hackware 13 | . . . . . . 22 23 23 23 30 26 26 26 21 Protection 2 | . . . . . 7 . . 1 . . . . . 5 Energy Gun 4 | . 18 14 14 14 4 . . . . . . . . . Ballistic Gun 5 | . 9 14 14 14 12 . . . 4 4 . . . . Launcher 1 | . . . . . . . . . 3 6 6 6 5 4 Slashing Weapon 2 | . . . . . . 6 7 5 . 1 6 6 4 4 Naked Turns . | . . . . . . . . . . . . . . . Heaviest Build 98 | 11 55 71 71 71 98 61 44 45 57 67 65 65 75 75 Greatest Support 82 | 40 40 40 40 40 82 72 72 72 72 72 72 72 72 72 Greatest Overweight (x) 21 | . 2 1 1 1 2 . . . . . . . 1 21 Average Overweight (x) . | . . 1 1 1 . . . . . . . . . 1 Largest Inventory Capacity 26 | 6 18 20 20 20 26 26 12 12 12 18 18 18 18 18 Average Capacity 16 | 5 14 19 20 20 20 12 12 12 12 13 18 18 18 17 Most Carried 23 | 2 17 18 20 20 22 23 12 12 12 13 14 15 18 18 Average Carried 14 | 1 7 17 18 20 19 11 12 12 11 11 13 14 16 16 Final Capacity 26 | 6 18 20 20 20 26 12 12 12 12 18 18 18 18 18 Final Carried 21 | 2 16 18 20 20 21 12 12 12 12 13 14 15 15 14 Class Distribution -------------------- 57% | Hacker-Mutant 18% | Scavenger-Mutant 12% | Hauler-Mutant 11% | Mutant Dominant Class ---------------- Mutant | -10/Materials Hauler-Mutant | -10/Mines Hauler-Mutant | -10/Exiles Hauler-Mutant | -9/Mines Scavenger-Mutant | -8/Materials Hacker-Mutant | -7/Factory Hacker-Mutant | -7/Lower Caves Hacker-Mutant | -7/Data Miner Hacker-Mutant | -6/Proximity Caves Hacker-Mutant | -6/Factory Hacker-Mutant | -6/Lower Caves Hacker-Mutant | -6/Lower Caves Hacker-Mutant | -6/Zion Hacker-Mutant | -6/Deep Caves Resources | -11 -10 -10 -10 -9 -8 -7 -7 -7 -6 -6 -6 -6 -6 -6 ----------- Run | Scr Mat Min Exi Min Mat Fac Low Dat Pro Fac Low Low Zio Dee Matter Collected 1701 | 185 215 30 . . 583 167 7 . 133 . 25 15 61 280 Remotely . | . . . . . . . . . . . . . . . Salvage Created 2099 | . 474 . . . 807 169 . . 165 . . . . 484 Parts 144 | . 21 . . . 63 13 . . 21 . . . . 26 Haulers Intercepted 2 | . 1 . . . 1 . . . . . . . . . Recyclers Shooed . | . . . . . . . . . . . . . . . Parts Field Recycled . | . . . . . . . . . . . . . . . Retrieved Matter . | . . . . . . . . . . . . . . . Parts Self-Destructed 4 | . . . . . . . . . 4 . . . . . Prevented . | . . . . . . . . . . . . . . . Kills | -11 -10 -10 -10 -9 -8 -7 -7 -7 -6 -6 -6 -6 -6 -6 ------- Run | Scr Mat Min Exi Min Mat Fac Low Dat Pro Fac Low Low Zio Dee Combat Hostiles Destroyed 61 | . 11 . . . 17 5 . . 7 . . . . 21 Melee 7 | . . . . . . 2 . . . . . . . 5 Guns 30 | . 11 . . . 15 . . . 4 . . . . . Cannons 2 | . . . . . . . . . 1 . . . . 1 AOE 22 | . . . . . 2 3 . . 2 . . . . 15 Classes Destroyed 11 | . 3 . . . 4 1 . . 1 . . . . 2 Worker 2 | . . . . . 2 . . . . . . . . . Hauler 2 | . 1 . . . 1 . . . . . . . . . Operator 2 | . . . . . 2 . . . . . . . . . Watcher 3 | . . . . . 2 1 . . . . . . . . Swarmer 17 | . 3 . . . 7 3 . . 4 . . . . . Grunt 12 | . 8 . . . 4 . . . . . . . . . Sentry 6 | . . . . . 6 . . . . . . . . . Programmer 2 | . . . . . . 2 . . . . . . . . Z-Technician 5 | . . . . . . . . . . . . . . 5 Z-Light 11 | . . . . . . . . . . . . . . 11 Master Thief 3 | . . . . . . . . . 3 . . . . . Assembled 9 | . . . . . . . . . . . . . . 9 Best Kill Streak 6 | . 2 . . . 4 3 . . 4 . . . . 6 Combat Bots Only 6 | . 2 . . . 3 3 . . 4 . . . . 6 Max Kills in Single Turn 2 | . 1 . . . 2 2 . . 1 . . . . 2 Gunslinging . | . . . . . . . . . . . . . . . Exploded 2 | . . . . . 1 2 . . 1 . . . . 2 Melee 1 | . . . . . . 1 . . . . . . . 1 Uniques/NPCs Destroyed 1 | . . . . . . . . . . . . . . 1 Z-Imprinter (-6/Deep Caves) Combat | -11 -10 -10 -10 -9 -8 -7 -7 -7 -6 -6 -6 -6 -6 -6 -------- Run | Scr Mat Min Exi Min Mat Fac Low Dat Pro Fac Low Low Zio Dee Damage Taken 6156 | . 981 . . . 1036 282 . 329 139 . . 47 607 2735 Core 1286 | . 173 . . . 92 36 . 45 77 . . . 98 765 Absorbed by Shields . | . . . . . . . . . . . . . . . Core Remaining (%) 72 | 100 . . . 30 83 . . . 77 . . . . . Volleys Fired 221 | . 77 . . . 94 2 . . 17 . . . 4 27 Largest 2 | . 2 . . . 2 1 . . 1 . . . 1 1 Hottest 120 | . 90 . . . 63 30 . . 120 . . . 36 100 Shots Fired 364 | . 145 . . . 169 2 . . 17 . . . 4 27 Gun 317 | . 145 . . . 165 . . . 7 . . . . . Cannon 11 | . . . . . . . . . 5 . . . . 6 Launcher 36 | . . . . . 4 2 . . 5 . . . 4 21 Special . | . . . . . . . . . . . . . . . Kinetic 183 | . 47 . . . 129 . . . 7 . . . . . Thermal 93 | . 74 . . . 8 . . . 5 . . . . 6 Explosive 27 | . . . . . 4 2 . . . . . . 1 20 Electromagnetic 61 | . 24 . . . 28 . . . 5 . . . 3 1 Robot Hit Streak 18 | . 11 . . . 15 13 . . 18 . . . . 10 Robot Miss Streak 5 | . 5 . . . 4 . . . 1 . . . . 3 Penetration Max . | . . . . . . . . . . . . . . . Secondary Targets . | . . . . . . . . . . . . . . . Shots Hit Robots 247 | . 85 . . . 111 11 . 1 11 . . . . 28 Core Hits 141 | . 26 . . . 45 8 . . 11 . . . 3 48 Critical Hits 3 | . 2 . . . . 1 . . . . . . . . Critical Kills . | . . . . . . . . . . . . . . . Critical Parts Destroyed 3 | . 2 . . . . 1 . . . . . . . . Melee Attacks 207 | . . . . . 4 136 9 1 . 4 3 4 . 46 Impact 7 | . . . . . 4 3 . . . . . . . . Slashing 200 | . . . . . . 133 9 1 . 4 3 4 . 46 Piercing . | . . . . . . . . . . . . . . . Sneak Attacks 7 | . . . . . 1 . . 1 . . . . . 5 Combat Hostiles . | . . . . . . . . . . . . . . . Follow-up Attacks . | . . . . . . . . . . . . . . . Damage Inflicted 7873 | . 869 34 . . 1929 688 . 134 515 . . . 150 3554 Guns 2488 | . 867 . . . 1489 . . . 132 . . . . . Cannons 468 | . . . . . . . . . 214 . . . . 254 Explosions 2928 | . . . . . 331 223 . . 169 . . . 150 2055 Melee 1934 | . . . . . 90 465 . 134 . . . . . 1245 Ramming 55 | . 2 34 . . 19 . . . . . . . . . Kinetic 1497 | . 213 . . . 1152 . . . 132 . . . . . Thermal 1415 | . 480 . . . 54 . . . 257 . . . . 624 Explosive 2277 | . . . . . 331 223 . . . . . . 115 1608 Electromagnetic 695 | . 174 . . . 283 . . . 126 . . . 35 77 Impact 90 | . . . . . 90 . . . . . . . . . Slashing 1844 | . . . . . . 465 . 134 . . . . . 1245 Piercing . | . . . . . . . . . . . . . . . Highest Corruption 2 | . . . . . . 2 2 2 2 . . . . . Average Corruption 1 | . . . . . . 1 2 2 2 . . . . . Corruption Purged . | . . . . . . . . . . . . . . . Effects 5 | . . . . . . 1 . . 4 . . . . . Message Errors 3 | . . . . . . 1 . . 2 . . . . . Heat Flow Errors 1 | . . . . . . . . . 1 . . . . . Data Loss (minor) 1 | . . . . . . . . . 1 . . . . . Overload Shots . | . . . . . . . . . . . . . . . Overflow Damage 750 | . . . . . 57 90 . 74 1 . . . . 528 Projectiles 1 | . . . . . . . . . 1 . . . . . Explosions 156 | . . . . . 57 . . . . . . . . 99 Melee 593 | . . . . . . 90 . 74 . . . . . 429 Knockbacks . | . . . . . . . . . . . . . . . Impact . | . . . . . . . . . . . . . . . Kinetic . | . . . . . . . . . . . . . . . Secondary . | . . . . . . . . . . . . . . . Self-Inflicted Damage 75 | . . . . . . 14 . . 61 . . . . . Shots 2 | . . . . . . 1 . . 1 . . . . . Rammed 7 | . 1 3 . . 3 . . . . . . . . . Targets Rammed 7 | . 1 3 . . 3 . . . . . . . . . Kicked . | . . . . . . . . . . . . . . . Crushed . | . . . . . . . . . . . . . . . Highest Temperature 255 | . 255 . . . 1 . . . 98 . . . 14 193 Average Temperature 74 | . 77 . . . 1 . . . 41 . . . 9 83 Received Heat Transfer 1634 | . 522 . . . 387 . . 42 . . . 18 47 618 Siege Activations . | . . . . . . . . . . . . . . . Robots Corrupted . | . . . . . . . . . . . . . . . Combat Hostiles . | . . . . . . . . . . . . . . . Parts Fried . | . . . . . . . . . . . . . . . Impact Corruptions . | . . . . . . . . . . . . . . . Robots Melted . | . . . . . . . . . . . . . . . Combat Hostiles . | . . . . . . . . . . . . . . . Parts Melted 4 | . 2 . . . . . . . 1 . . . . 1 Heat Transferred 2334 | . 1289 . . . 125 . . . 400 . . . . 520 Parts Sabotaged . | . . . . . . . . . . . . . . . Parts Stolen 2 | . . . . . . . . . 2 . . . . . Parts Stripped . | . . . . . . . . . . . . . . . Power Chain Reactions . | . . . . . . . . . . . . . . . Missiles Intercepted . | . . . . . . . . . . . . . . . Alert | -11 -10 -10 -10 -9 -8 -7 -7 -7 -6 -6 -6 -6 -6 -6 ------- Run | Scr Mat Min Exi Min Mat Fac Low Dat Pro Fac Low Low Zio Dee Peak Influence 251 | . 184 10 . . 251 153 . . . 98 . . . . Average Influence 73 | . 51 8 . . 104 77 . . . 70 . . . . Maximum Alert Level 1 | . . . . . 1 . . . . . . . . . Low Security (%) 96 | 100 100 100 . 100 89 100 . . . 100 . . . . Level 1 3 | . . . . . 10 . . . . . . . . . Level 2 . | . . . . . . . . . . . . . . . Level 3 . | . . . . . . . . . . . . . . . Level 4 . | . . . . . . . . . . . . . . . Level 5 . | . . . . . . . . . . . . . . . High Security . | . . . . . . . . . . . . . . . Max Security . | . . . . . . . . . . . . . . . Squads Dispatched 9 | . . . . . 2 5 . . . 2 . . . . Investigation 1 | . . . . . . . . . . 1 . . . . Extermination 2 | . . . . . . 2 . . . . . . . . Reinforcement 5 | . . . . . 2 3 . . . . . . . . Assault . | . . . . . . . . . . . . . . . Garrison . | . . . . . . . . . . . . . . . Intercept 1 | . . . . . . . . . . 1 . . . . Construction Impeded 1 | . . . . . . 1 . . . . . . . . Haulers Reinforced . | . . . . . . . . . . . . . . . Stealth | -11 -10 -10 -10 -9 -8 -7 -7 -7 -6 -6 -6 -6 -6 -6 --------- Run | Scr Mat Min Exi Min Mat Fac Low Dat Pro Fac Low Low Zio Dee Distress Signals 10 | . 4 . . . 4 2 . . . . . . . . Communications Jammed . | . . . . . . . . . . . . . . . Distress Signals . | . . . . . . . . . . . . . . . Times Spotted 152 | . 28 . . . 42 35 . 4 10 . . 1 13 19 Peak Tracking Total 10 | . 6 . . . 6 6 . 4 5 1 . 1 10 6 Tactical Retreats 17 | . 2 . . . 3 10 . . 1 . . . 1 . Traps | -11 -10 -10 -10 -9 -8 -7 -7 -7 -6 -6 -6 -6 -6 -6 ------- Run | Scr Mat Min Exi Min Mat Fac Low Dat Pro Fac Low Low Zio Dee Traps Triggered 5 | . 1 . . . 4 . . . . . . . . . Indirectly . | . . . . . . . . . . . . . . . Trap Hack Attempts . | . . . . . . . . . . . . . . . Triggered . | . . . . . . . . . . . . . . . Disarmed . | . . . . . . . . . . . . . . . Reprogrammed . | . . . . . . . . . . . . . . . Reused . | . . . . . . . . . . . . . . . Traps Extracted . | . . . . . . . . . . . . . . . Installed . | . . . . . . . . . . . . . . . Triggered . | . . . . . . . . . . . . . . . Machines | -11 -10 -10 -10 -9 -8 -7 -7 -7 -6 -6 -6 -6 -6 -6 ---------- Run | Scr Mat Min Exi Min Mat Fac Low Dat Pro Fac Low Low Zio Dee Machines Disabled 4 | . . . . . . . . . . . . 1 . 3 Max in Single Turn 1 | . . . . . . . . . . . . 1 . 1 Garrison Access 3 | . . . . . . 3 . . . . . . . . Machines Sabotaged . | . . . . . . . . . . . . . . . Garrisons Compromised . | . . . . . . . . . . . . . . . Overloaded Fab Kills . | . . . . . . . . . . . . . . . Fab Network Shutdowns . | . . . . . . . . . . . . . . . Hacking | -11 -10 -10 -10 -9 -8 -7 -7 -7 -6 -6 -6 -6 -6 -6 --------- Run | Scr Mat Min Exi Min Mat Fac Low Dat Pro Fac Low Low Zio Dee Machines Accessed 42 | . 6 . 2 . 4 21 1 3 . 3 . 1 1 . Terminals 23 | . 4 . . . 3 13 . . . 2 . 1 . . Fabricators 3 | . . . . . . 3 . . . . . . . . Repair Stations . | . . . . . . . . . . . . . . . Recycling Units 4 | . 2 . . . . 1 . . . 1 . . . . Scanalyzers 2 | . . . . . 1 1 . . . . . . . . Garrison Access 3 | . . . . . . 3 . . . . . . . . Total Hacks 131 | . 20 . 2 . 9 60 1 22 . 9 . 5 3 . Successful 93 | . 15 . 2 . 5 36 1 22 . 5 . 4 3 . Failed 38 | . 5 . . . 4 24 . . . 4 . 1 . . Catastrophic 5 | . . . . . 1 4 . . . . . . . . Database Lockouts . | . . . . . . . . . . . . . . . Manual 68 | . 10 . 1 . 5 37 . . . 7 . 4 4 . Terminals 73 | . 15 . . . 6 39 . . . 8 . 5 . . Fabricators 11 | . . . . . . 11 . . . . . . . . Repair Stations . | . . . . . . . . . . . . . . . Recycling Units 7 | . 5 . . . . 1 . . . 1 . . . . Scanalyzers 7 | . . . . . 3 4 . . . . . . . . Garrison Access 5 | . . . . . . 5 . . . . . . . . Terminal Hacks 57 | . 11 . 2 . 2 9 1 22 . 3 . 4 3 . Record 12 | . . . 1 . . 3 1 6 . . . 1 . . Part Schematic 17 | . . . . . . . . 8 . 3 . 3 3 . Robot Schematic 5 | . . . . . . . . 5 . . . . . . Prototype ID Bank 5 | . 2 . . . . . . 3 . . . . . . Branch Access Points 2 | . 1 . . . . 1 . . . . . . . . Machine Index 1 | . . . . . . 1 . . . . . . . . Unreport Threat 2 | . 2 . . . . . . . . . . . . . Locate Traps 2 | . 1 . . . . 1 . . . . . . . . Patrol Status 1 | . 1 . . . . . . . . . . . . . Recall Investigation 1 | . 1 . . . . . . . . . . . . . Recall Extermination 1 | . . . . . . 1 . . . . . . . . Hauler Manifests 2 | . . . . . 1 1 . . . . . . . . Zone Layout 5 | . 3 . . . 1 1 . . . . . . . . EX-Prototype ID Bank 1 | . . . 1 . . . . . . . . . . . Fabricator Hacks 5 | . . . . . . 5 . . . . . . . . Network Status 1 | . . . . . . 1 . . . . . . . . Load Schematic 2 | . . . . . . 2 . . . . . . . . Build 2 | . . . . . . 2 . . . . . . . . Repair Station Hacks . | . . . . . . . . . . . . . . . Recycling Unit Hacks 4 | . 2 . . . . 1 . . . 1 . . . . Retrieve Components 4 | . 2 . . . . 1 . . . 1 . . . . Scanalyzer 5 | . . . . . 2 3 . . . . . . . . Insert Component 3 | . . . . . 1 2 . . . . . . . . Analyze 2 | . . . . . 1 1 . . . . . . . . Garrison Access Hacks 3 | . . . . . . 3 . . . . . . . . Seal Access 3 | . . . . . . 3 . . . . . . . . Unauthorized Hacks 19 | . 2 . . . 1 15 . . . 1 . . . . Terminals 15 | . 2 . . . 1 11 . . . 1 . . . . Track 4 | . 1 . . . . 3 . . . . . . . . Assimilate 3 | . . . . . . 3 . . . . . . . . Botnet 4 | . . . . . . 4 . . . . . . . . Operators 4 | . 1 . . . 1 1 . . . 1 . . . . Fabricators 4 | . . . . . . 4 . . . . . . . . Report 1 | . . . . . . 1 . . . . . . . . Prioritize 1 | . . . . . . 1 . . . . . . . . Siphon 2 | . . . . . . 2 . . . . . . . . Repair Stations . | . . . . . . . . . . . . . . . Recycling Units . | . . . . . . . . . . . . . . . Scanalyzers . | . . . . . . . . . . . . . . . Garrison Access . | . . . . . . . . . . . . . . . Data Cores Recovered . | . . . . . . . . . . . . . . . Used . | . . . . . . . . . . . . . . . Hacking Detections 29 | . 4 . . . 3 18 . . . 3 . 1 . . Full Trace Events 2 | . 1 . . . . . . . . 1 . . . . Feedback Events . | . . . . . . . . . . . . . . . Feedback Blocked . | . . . . . . . . . . . . . . . Robot Schematics Acquired 5 | . . . . . . . . 5 . . . . . . Robots Built . | . . . . . . . . . . . . . . . Matter . | . . . . . . . . . . . . . . . Time . | . . . . . . . . . . . . . . . Total Robot Build Rating . | . . . . . . . . . . . . . . . Part Schematics Acquired 19 | . . . . . 1 1 . 8 . 3 . 3 3 . Parts Built 2 | . . . . . . 2 . . . . . . . . Matter 218 | . . . . . . 218 . . . . . . . . Time 72 | . . . . . . 72 . . . . . . . . Total Part Build Rating 6 | . . . . . . 6 . . . . . . . . Parts Repaired . | . . . . . . . . . . . . . . . Time . | . . . . . . . . . . . . . . . Parts Recycled . | . . . . . . . . . . . . . . . Recycled Matter . | . . . . . . . . . . . . . . . Retrieved Matter . | . . . . . . . . . . . . . . . Retrieved Components 14 | . 12 . . . . 1 . . . 1 . . . . Parts Scanalyzed 2 | . . . . . 1 1 . . . . . . . . Part Schematics Acquired 2 | . . . . . 1 1 . . . . . . . . Parts Damaged . | . . . . . . . . . . . . . . . Bothacking | -11 -10 -10 -10 -9 -8 -7 -7 -7 -6 -6 -6 -6 -6 -6 ------------ Run | Scr Mat Min Exi Min Mat Fac Low Dat Pro Fac Low Low Zio Dee Used RIF Installer . | . . . . . . . . . . . . . . . Robots Hacked . | . . . . . . . . . . . . . . . Non-combat . | . . . . . . . . . . . . . . . Combat . | . . . . . . . . . . . . . . . Robot Hacks Applied . | . . . . . . . . . . . . . . . Relay Couplers Released . | . . . . . . . . . . . . . . . Robots Rewired . | . . . . . . . . . . . . . . . Allies Hacked . | . . . . . . . . . . . . . . . Hacks Repelled . | . . . . . . . . . . . . . . . Allies | -11 -10 -10 -10 -9 -8 -7 -7 -7 -6 -6 -6 -6 -6 -6 -------- Run | Scr Mat Min Exi Min Mat Fac Low Dat Pro Fac Low Low Zio Dee Total Allies 3 | . . . . . . 3 . . . . . . . . Largest Group 2 | . . . . . . 2 . . . . . . . . Highest-Rated Group 52 | . . . . . . 52 . . . . . . . . Highest-Rated Ally 26 | . . . . . . 26 . . . . . . . . Total Orders 2 | . . . . . . 2 . . . . . . . . STAY 1 | . . . . . . 1 . . . . . . . . FOLLOW 1 | . . . . . . 1 . . . . . . . . Ally Attacks . | . . . . . . . . . . . . . . . Total Damage . | . . . . . . . . . . . . . . . Kills . | . . . . . . . . . . . . . . . Allies Corrupted . | . . . . . . . . . . . . . . . Allies Melted . | . . . . . . . . . . . . . . . Intel | -11 -10 -10 -10 -9 -8 -7 -7 -7 -6 -6 -6 -6 -6 -6 ------- Run | Scr Mat Min Exi Min Mat Fac Low Dat Pro Fac Low Low Zio Dee Robot Analysis Total 115 | . . . . . . . . 115 . . . . . . Derelict Logs Recovered 8 | . . 1 . 1 . . 1 . 2 . 1 1 1 . Drone Launches . | . . . . . . . . . . . . . . . Drone Recoveries . | . . . . . . . . . . . . . . . Exploration | -11 -10 -10 -10 -9 -8 -7 -7 -7 -6 -6 -6 -6 -6 -6 ------------- Run | Scr Mat Min Exi Min Mat Fac Low Dat Pro Fac Low Low Zio Dee Turns Passed 10715 | 64 1187 464 446 220 2187 2315 216 53 342 145 177 156 830 1913 Spaces Moved 9798 | 36 502 254 245 123 1005 3380 377 96 539 254 336 290 1487 874 Core 48 | 3 . . . . . . . . . . . . . 45 Treads 2162 | 33 502 254 245 123 1005 . . . . . . . . . Legs 393 | . . . . . . . . . . . . . . 393 Wheels . | . . . . . . . . . . . . . . . Hover 3 | . . . . . . . . . . . . . . 3 Flight 7192 | . . . . . . 3380 377 96 539 254 336 290 1487 433 Fastest Speed 50 | 50 160 180 180 180 156 50 50 50 50 50 50 50 50 50 Average Speed 90 | 150 176 180 180 180 175 50 50 50 50 50 50 50 53 182 Slowest Speed 1100 | 160 200 180 180 180 192 50 50 50 50 50 50 50 150 1100 Overloaded Moves . | . . . . . . . . . . . . . . . Propulsion Burnouts . | . . . . . . . . . . . . . . . Robots Hopped 4 | . . . . . . . . 3 . 1 . . . . Cave-ins Triggered . | . . . . . . . . . . . . . . . Exploration Rate (%) 56 | 3 78 78 61 30 67 66 50 77 73 8 52 49 85 72 Regions Visited 14 Branch Regions 10 Pre-discovered Areas 31 | . . . 1 1 . . . 25 . . . . 4 . Known Exits Taken 9 | . 1 . . . . 1 1 1 1 1 1 1 1 . Unknown Exits Taken 5 | 1 . 1 1 1 1 . . . . . . . . . Scrap Searched 11 | . . 2 . 1 . . 1 . 2 . 2 . 3 . Spaces Dug 182 | . . . . . 3 121 9 . . 4 3 3 . 39 Terrain Destroyed 381 | . . . . . 19 132 9 . 26 4 3 3 . 185 Melee 155 | . . . . . 3 121 9 . . 4 3 3 . 12 Projectile 5 | . . . . . . . . . 1 . . . . 4 AOE 221 | . . . . . 16 11 . . 25 . . . . 169 Actions | -11 -10 -10 -10 -9 -8 -7 -7 -7 -6 -6 -6 -6 -6 -6 --------- Run | Scr Mat Min Exi Min Mat Fac Low Dat Pro Fac Low Low Zio Dee Total 10934 | 43 661 258 254 122 1255 3740 385 94 589 264 339 294 1526 1110 Wait 462 | . 53 . . . 92 178 . . 23 . . . 4 112 Move 9776 | 35 501 253 244 122 1004 3379 376 89 538 251 335 289 1486 874 Hop 4 | . . . . . . . . 3 . 1 . . . . Pick Up 72 | 2 16 . 4 . 14 8 . . 4 2 1 1 7 13 Fast Attach 30 | 6 2 . . . 10 2 . . . 2 . . 2 6 Attach 46 | . 6 . . . 5 9 . . 5 2 . . 8 11 Detach 19 | . . . . . 1 7 . . 1 2 . . 4 4 Swap 33 | . 5 2 . . 12 3 . 1 1 . . . 4 5 Drop 57 | . . . 6 . 16 16 . . . . . . 7 12 Fire 221 | . 77 . . . 94 2 . . 17 . . . 4 27 Melee 207 | . . . . . 4 136 9 1 . 4 3 4 . 46 Ram . | . . . . . . . . . . . . . . . Kick . | . . . . . . . . . . . . . . . Crush 7 | . 1 3 . . 3 . . . . . . . . . Escape Stasis . | . . . . . . . . . . . . . . . Rewire . | . . . . . . . . . . . . . . . Trap . | . . . . . . . . . . . . . . . Miscellaneous . | . . . . . . . . . . . . . . . Route ------- -11/Scrapyard -10/Materials (discovered 3 exits: [*Mat] / *Min x2) -10/Mines -10/Exiles -9/Mines -8/Materials (discovered 2 exits: *Fac x2) -7/Factory (discovered 7 exits: *Fac x3 / *Sto x2 / *Low x2) -7/Lower Caves -7/Data Miner -6/Proximity Caves -6/Factory -6/Lower Caves -6/Lower Caves (discovered 2 exits: *Fac / *Zio) -6/Zion (discovered 2 exits: *Dee / [*Pro]) -6/Deep Caves History --------- Turn | Location | Event 31 | -11/Scrapyard | Discovered new exit (range 16) 65 | -11/Scrapyard | Entered Materials 83 | -10/Materials | Identified exit to Mines 310 | -10/Materials | Build established: Mutant 632 | -10/Materials | Core integrity fell below 50% 873 | -10/Materials | Discovered new exit (range 15) 1252 | -10/Materials | Entered Mines 1369 | -10/Mines | Learned Materials stockpile data 1635 | -10/Mines | Deemed a non-threat by the Exiles lab entrance 1709 | -10/Mines | Discovered new exit (range 5) 1716 | -10/Mines | Entered Exiles 1760 | -10/Exiles | Met 8R-AWN 1787 | -10/Exiles | Met EX-HEX 1792 | -10/Exiles | Build established: Hauler-Mutant 1842 | -10/Exiles | Met EX-BIN 1868 | -10/Exiles | Aligned with FarCom system 1869 | -10/Exiles | Given EX-Vault access code 1914 | -10/Exiles | Opened EX-Vault 1926 | -10/Exiles | Found YOLO Cannon 1929 | -10/Exiles | Found Flying Fortress v7 1933 | -10/Exiles | Found Gui. Plasma Cannon 1974 | -10/Exiles | Warned to stay clear of 0b10 Research branches 2026 | -10/Exiles | Met EX-DEC 2037 | -10/Exiles | Learned location of Zion (-6) 2142 | -10/Exiles | Discovered new exit (range 14) 2162 | -10/Exiles | Stole three prototypes: Flying Fortress v7, Gui. Plasma Cannon, YOLO Cannon 2162 | -10/Exiles | Entered Mines 2163 | -9/Mines | Learned location of Storage (-7) 2204 | -9/Mines | Discovered new exit (range 7) 2263 | -9/Mines | Learned Materials terminal intel 2382 | -9/Mines | Entered Materials 2382 | -8/Materials | Evolved 4 slots: Propulsion x2, Utility x2 2384 | -8/Materials | Loaded intel: 11 terminal locations 2727 | -8/Materials | Lost 3 parts (1n2w) 3051 | -8/Materials | Build established: Scavenger-Mutant 3103 | -8/Materials | Discovered new exit (range 5) 4561 | -8/Materials | Discovered new exit (range 4) 4569 | -8/Materials | Entered Factory 4569 | -7/Factory | Evolved 2 slots: Utility x2 4571 | -7/Factory | FarCom data flow suspended 4845 | -7/Factory | Build established: Hacker-Mutant 4944 | -7/Factory | Discovered new exit (range 15) 5845 | -7/Factory | Discovered new exit (range 11) 5921 | -7/Factory | Discovered new exit (range 5) 5965 | -7/Factory | Discovered new exit (range 5) 6504 | -7/Factory | Identified exit to Storage 6504 | -7/Factory | Identified exit to Lower Caves 6617 | -7/Factory | Fabricated Hacking Suite (x1) 6655 | -7/Factory | Fabricated Hacking Suite? 6884 | -7/Factory | Entered Lower Caves 6900 | -7/Lower Caves | Learned Factory emergency access door positions 6963 | -7/Lower Caves | Encountered a Warlord checkpoint 7061 | -7/Lower Caves | A Derelict revealed a hidden shortcut to meet someone special 7066 | -7/Lower Caves | Identified exit to Data Miner 7100 | -7/Lower Caves | Entered Data Miner 7100 | -7/Data Miner | Discovered new exit (range 6) 7110 | -7/Data Miner | Met Data Miner 7121 | -7/Data Miner | Learned location of Section 7 (-2) 7121 | -7/Data Miner | Acquired the access code to Warlord's prototype stash 7125 | -7/Data Miner | Received God Mode back door access code from Data Miner 7138 | -7/Data Miner | Interfaced with the Data Conduit 7152 | -7/Data Miner | Identified exit to Proximity Caves 7153 | -7/Data Miner | Entered Proximity Caves 7242 | -6/Proximity Caves | Spotted U2-YUN(f) 7243 | -6/Proximity Caves | Encountered a Master Thief 7243 | -6/Proximity Caves | Spotted C7-ZB4(f) 7244 | -6/Proximity Caves | Encountered a Master Thief 7247 | -6/Proximity Caves | Gui. Plasma Cannon stolen by Master Thief 7251 | -6/Proximity Caves | Destroyed U2-YUN(f) 7284 | -6/Proximity Caves | Gui. Plasma Cannon stolen by Master Thief 7300 | -6/Proximity Caves | Spotted 4Y-IKQ(f) 7301 | -6/Proximity Caves | Encountered a Master Thief 7304 | -6/Proximity Caves | Destroyed 4Y-IKQ(f) 7334 | -6/Proximity Caves | Identified exit to Factory 7354 | -6/Proximity Caves | Spotted R0-LXM(f) 7355 | -6/Proximity Caves | Encountered a Master Thief 7358 | -6/Proximity Caves | Destroyed R0-LXM(f) 7385 | -6/Proximity Caves | Attracted the attention of an 0b10 checkpoint 7495 | -6/Proximity Caves | Entered Factory 7495 | -6/Factory | Evolved 2 slots: Utility x2 7497 | -6/Factory | Loaded intel: 249 machine locations 7631 | -6/Factory | Discovered new exit (range 5) 7639 | -6/Factory | Intercept squad dispatched 7640 | -6/Factory | Identified exit to Lower Caves 7640 | -6/Factory | Entered Lower Caves 7641 | -6/Lower Caves | Encountered a Warlord checkpoint 7722 | -6/Lower Caves | Identified exit to Lower Caves 7817 | -6/Lower Caves | Entered another Lower Caves area 7818 | -6/Lower Caves | Discovered new exit (range 12) 7832 | -6/Lower Caves | Identified exit to Factory 7837 | -6/Lower Caves | Learned Factory security intel 7898 | -6/Lower Caves | Encountered a Warlord checkpoint 7914 | -6/Lower Caves | Found Alien Artifact 7968 | -6/Lower Caves | Discovered new exit (range 10) 7973 | -6/Lower Caves | Attracted the attention of an 0b10 checkpoint 7973 | -6/Lower Caves | Identified exit to Zion 7973 | -6/Lower Caves | Entered Zion 8029 | -6/Zion | Discovered new exit (range 14) 8180 | -6/Zion | Identified exit to Deep Caves 8193 | -6/Zion | Found Exp. Terrain Scan Processor 8273 | -6/Zion | Received a visual enhancement algorithm 8620 | -6/Zion | Identified Dimensional Node Initializer 8620 | -6/Zion | Initialized slip node 8664 | -6/Zion | Acquired unknown access codes intercepted by a Zionite 8713 | -6/Zion | Opened final containment barrier to the Deep Caves 8751 | -6/Zion | Attacked by Zionites 8802 | -6/Zion | Saw the warning signs outside the Deep Caves entrance 8803 | -6/Zion | Entered Deep Caves 8903 | -6/Deep Caves | Attacked by Z-Imprinter 8927 | -6/Deep Caves | Destroyed Z-Imprinter 8941 | -6/Deep Caves | Found Prototype Protection 8944 | -6/Deep Caves | Found Prototype Protection 9131 | -6/Deep Caves | Z-Facility disabled 9221 | -6/Deep Caves | Found Prototype Protection 9221 | -6/Deep Caves | Identified Zio. Weapon Casing (x2) 9223 | -6/Deep Caves | Found Zio. Weapon Casing 9266 | -6/Deep Caves | Core integrity fell below 50% 10668 | -6/Deep Caves | Spotted as-87822 10675 | -6/Deep Caves | Core integrity fell below 20% 10716 | -6/Deep Caves | Destroyed by as-87822 with Assembled Focal Cannon Last Messages --------------- 10332_ as-51811 destroyed. 10335_ Acquired YOLO Cannon. 10437_ Dropped YOLO Cannon. 10445_ Destroyed Asb. Hover Unit. 10449_ Destroyed Asb. Heavy Rifle. 10451_ as-84468 destroyed. 10453_ Acquired 19 matter. 10467_ Dropped Nanoactuators. 10468_ Acquired YOLO Cannon. 10512_ Dropped Mak. Axe. 10518_ Acquired Mak. Axe. 10534_ Zio. Weapon Casing destroyed. 10536_ as-67286 destroyed. 10546_ Identified Zio. Glidesys I. 10670_ as-87822: "DSI9AT1D G8OHIBQ29FWG 26R186 QD12WHW8W33 TDK1 81FTS" 10674_ Zio. Glidesys I destroyed. 10685_ Zio. Weapon Casing destroyed. 10694_ Zio. Composite Leg I destroyed. 10714_ Destroyed Hrd. Light Armor Plating. 10714_ Destroyed Lgt. Treads. Map ----- +----------------------------------------------------+ | ??? ????????????????????????????????? | | ??? ????????????????????????????????? | | ??? ???###??????????????????????????? | | ?? ??# #???????????????????????????# | | ? ### ###??????????????#### ?????## | | ? * # ?????????????? #?## # | | ? * ##?????????????? ## # | | ? ###??????????????# | | ? * #?????????????# | | ? *= == ###??????????????? "" % | | ? ##????????????????""" ## | | ?? #??????????????? " # ??# | | ?? = #????????????????????# ??# | | ??? = #???????????????????## ??# | | ??? ! = #??????????????????## ???# | | ??? = #?????????????????## #???### | | ??? ! = #?????????????????# ??????? | | ?? != #?????????????????# #??????? | | ?? ##????????????????# #######? | | ? *= #??######??#####??# #? | | ? ** g #?## ##"" "##?# ! #? | | * #?# "### #### #? | | ### ## #??# ## | | b ## "#??# | | "" ####"" " #?# | | G @;#???# " ??# ### | | " ;## ;#??## ??# ### | | #?# #???## ""???# | | " "#?# #????# "" ???##### | | " " ##?# ###????## ##?????????# | | #### ## "# ##??#####???????#####??????????? | | "" ???????# ?# ####??????????????????????????????? | | ??????????#??# #?????????????????????????????????? | | ??????????????#??????????????????????????????????? | | | | | | | | | | | | | | | | | | | | | | | | | | | | | | | | | +----------------------------------------------------+ Best States ------------- Heat Dissipation 45 Energy Generation 27 Energy Capacity 275 Matter Stores 300 Matter Capacity 300 Sight Range 16 Robot Scan Range 20 Terrain Scan Density 10 Armor Coverage 225 Weapon Shielding 100 Evasion (%) 60 Recoil Reduction 4 Offensive Hacking 40 Defensive Hacking 11 Item Schematics ----------------- Hacking Suite | -8/Materials | Scanalyzed Lrn. Sensor Array | -7/Factory | Scanalyzed Combat Drone Bay | -7/Data Miner | Free Lgt. Regenerative Plating | -7/Data Miner | Free Cmb. Gravmag System | -7/Data Miner | Free Triangulator | -7/Data Miner | Free Exp. Terrain Scanner | -7/Data Miner | Free Exp. ECM Suite | -7/Data Miner | Free Mni. Smartbomb Launcher | -7/Data Miner | Free Kinetic Spear | -7/Data Miner | Free Power Sword | -6/Factory | Hacked Imp. Hacking Suite | -6/Factory | Hacked Adv. Hacking Suite | -6/Factory | Hacked Adv. Terrain Scan Processor | -6/Lower Caves | Hacked Adv. Signal Interpreter | -6/Lower Caves | Hacked Cld. VTOL Module | -6/Lower Caves | Hacked Beamcaster | -6/Zion | Free Hvy. Beamcaster | -6/Zion | Free Riot Gun | -6/Zion | Free Robot Schematics ------------------ S-27 Virus | -7/Data Miner | Free G-50 Soldier | -7/Data Miner | Free L-41 Fighter | -7/Data Miner | Free I-36 Angel | -7/Data Miner | Free I-47 Archangel | -7/Data Miner | Free Fabricated ------------ Hacking Suite | x1 | -7/Factory Hacking Suite | x1 | -7/Factory Alien Tech Used ----------------- Dimensional Node Initializer Achievements -------------- None Challenges ------------ None Game ------ Seed BombardmentAnalysisTearclaws Manual? 0 Play Time 02:28:01 Cumulative 102.0 hours Start 2020.08.19 @ 22:21:28 End 2020.08.20 @ 01:06:12 Sessions 1 Manual Loads 0 Difficulty Rogue Special Mode None Game No. 116 Rogue 29 Adventurer 87 Explorer 0 Win Type - Total 3 Types 2/0/0/1/0/0/0 Lore% 48 Gallery% 63 Achievement% 53 Wizard Run 0 Options --------- ASCII 0 Keyboard 1 Movement Numpad Keybinds 0 Fullscreen 1 Font 18/Smallcaps Map View 76x50 Tactical HUD 1 Map Filters NONE Filters NONE Steam 1 RUN: 20f29d92-3ee5-42ca-b609-60892bcdd628